 Dungeon Crawl Stone Soup version 0.27-a0-1116-g91b3acb402 (webtiles) character file.

Game seed: 15031926327401050434

5 mg7810 the Magician (level 1, 0/15 HPs)
             Began as a Djinni Hedge Wizard on May 1, 2021.
             Slain by a hobgoblin (3 damage)
             ... on level 1 of the Dungeon.
             The game lasted 00:01:05 (231 turns).

mg7810 the Magician (Djinni Hedge Wizard)            Turns: 231, Time: 00:01:06

Health: 0/15       AC:  2    Str:  9    XL:     1   Next: 80%
Gold:   0          EV: 12    Int: 15    God:
                   SH:  0    Dex: 12

rFire    + + .     SeeInvis .   a - +0 dagger
rCold    x . .     Faith    .   (no shield)
rNeg     . . .     Spirit   .   b - +0 robe
rPois    ∞         Reflect  .   c - +0 hat
rElec    .         Harm     .   (no cloak)
rCorr    .         Rampage  .   (no gloves)
Will     .....                  (boots unavailable)
Stlth    ++........             (no amulet)
HPRegen  0.05/turn              (no ring)
MPRegen  0.00/turn              (no ring)

@: flying
A: fire resistance 2, cold vulnerability 1, float, innate caster, hp casting,
extra vitality 1
a: no special abilities


You were on level 1 of the Dungeon.
You visited 1 branch of the dungeon, and saw 1 of its levels.

Inventory:

Hand Weapons
 a - a +0 dagger (weapon)
Armour
 b - a +0 robe (worn)
 c - a +0 hat (worn)


   Skills:
 + Level 0.3 Short Blades
 + Level 2.2 Dodging
 + Level 1.5 Stealth
 + Level 2.9 Spellcasting


You couldn't memorise any spells.
You knew the following spells:

 Your Spells              Type           Power      Damage    Failure   Level
a - Magic Dart            Conj           44%        1d5       6%          1
b - Blink                 Tloc           N/A        N/A       9%          2
c - Call Imp              Summ           11%        N/A       9%          2
d - Slow                  Hex            11%        N/A       9%          2
e - Conjure Flame         Conj/Fire      11%        6-21      19%         3
f - Mephitic Cloud        Conj/Pois/Air  11%        N/A       19%         3
Your spell library was empty.

Dungeon Overview and Level Annotations

Branches:
Dungeon (1/15)

Altars:


Innate Abilities, Weirdness & Mutations

You are immune to poison.
Your flesh is very heat resistant. (rF++)
You are vulnerable to cold. (rC-)
You float through the air rather than walking.
You learn spells naturally, not from books.
Your magical power is your life essence.
You have superior vitality. (+4 HP)


Message History

The kobold hits you with a +0 dagger.
Casting: Magic Dart (safe; 6% risk of failure)
Confirm with . or Enter, or press ? or * to list all spells.
Aiming: Magic Dart (safe; 6% risk of failure)
Press: ? - help, Shift-Dir - straight line, f/p - kobold
Aim: a kobold, wielding a +0 dagger (severely wounded, 100% to hit)
The magic dart hits the kobold but does no damage.
The kobold is severely wounded.
The kobold closely misses you.
You hit the kobold but do no damage.
The kobold is severely wounded.
The kobold hits you but does no damage.
You closely miss the kobold.
The kobold is heavily wounded.
The kobold barely misses you.
You hit the kobold.
You kill the kobold!
You hit the hobgoblin.
The hobgoblin is lightly wounded.
The hobgoblin hits you.
* * * LOW HITPOINT WARNING * * *
Casting: Magic Dart (safe; 6% risk of failure)
Confirm with . or Enter, or press ? or * to list all spells.
Aiming: Magic Dart (safe; 6% risk of failure)
Press: ? - help, Shift-Dir - straight line, f - hobgoblin
Aim: a hobgoblin (lightly wounded, 100% to hit)
The magic dart hits the hobgoblin.
The hobgoblin is heavily wounded.
* * * LOW HITPOINT WARNING * * *
The hobgoblin closely misses you.
You hit the hobgoblin but do no damage.
The hobgoblin is heavily wounded.
The hobgoblin barely misses you.
You barely miss the hobgoblin.
The hobgoblin is heavily wounded.
The hobgoblin misses you.
You hit the hobgoblin.
The hobgoblin is severely wounded.
The hobgoblin hits you.
You die...

P.♣♣.#.#^#..########.##
.P.P.#.#.#......).....#
♣.♣P.#.....#.....)....#
...PP#.......########.#
P...P#....#### #####.#
.♣.P#.<..# #.....#
♣P.#....## #.#####
♣PPP#.....# #.#
♣...#...#@# #.#
P.P..#.#.#g# #.#
P♣♣..#.#.#)# #.#
.P.#...#.# #.#
♣♣P.#...#.# #.#
#####.....# #.#
#.......#.######.#
.......##.###.......#
####... ##.#.########


You could see a hobgoblin.

Vanquished Creatures
  A bat (D:1)
  A goblin (D:1)
  2 kobolds (D:1)
  A rat (D:1)
5 creatures vanquished.

Notes
Turn   | Place    | Note
-------+----------+-------------------------------------------
     0 | D:1      | mg7810 the Djinni Hedge Wizard began the quest for the Orb.
     0 | D:1      | Reached XP level 1. HP: 15/15 MP: 0/0
   231 | D:1      | Slain by a hobgoblin

Illustrated notes

Levels and vault maps discovered:
D:1:      minmay_arrival_arboretum_small, layout_loops_ring,
          shapermc_ecumenical_altar_starsandcircs

Action                   || total
-------------------------++-------
Melee: Dagger            ||    17
 Cast: Magic Dart        ||     9
Armor: Robe              ||     2
Dodge: Dodged            ||    10

Table legend: (Time is in decaauts)
 A = Elapsed time spent in this place.
 B = Non-inter-level travel time spent in this place.
 C = Inter-level travel time spent in this place.
 D = Time resting spent in this place.
 E = Time spent auto-exploring this place.
 F = Levels seen in this place.
 G = Mean time per level.
                   A        B        C        D        E       F      G
               +--------+--------+--------+--------+--------+-----+--------+
         Total |    231 |    231 |      0 |      0 |    173 |   1 |  231.0 |
       Dungeon |    231 |    231 |      0 |      0 |    173 |   1 |  231.0 |
               +--------+--------+--------+--------+--------+-----+--------+

Top non-repeatable levels by time:
     D:1: 231 daAuts
